 Dungeon Crawl Stone Soup version 0.30-a0-1103-g25895a7845 (webtiles) character file.

Game seed: 3472521874063148088

424 ytrimaz the Chopper (level 6, -3/47 HPs)
             Began as a Barachi Fighter on Apr 18, 2023.
             Slain by a gnoll
             ... wielding a +2 halberd of flaming
              (6 damage)
             ... on level 4 of the Dungeon.
             The game lasted 00:03:45 (2826 turns).

ytrimaz the Chopper (Barachi Fighter)               Turns: 2826, Time: 00:03:45

Health: -3/47      AC: 11    Str: 20    XL:     6   Next: 96%
Magic:  6/6        EV:  5    Int:  8    God:
Gold:   94         SH:  4    Dex: 11    Spells: 5/5 levels left

rFire   . . .      SeeInvis .    a - +1 war axe
rCold   . . .      Faith    .    c - +0 buckler
rNeg    . . .      Spirit   .    f - +0 plate armour
rPois   +          Reflect  .    (no helmet)
rElec   .          Rampage  .    (no cloak)
rCorr   .                        (no gloves)
Will    .....                    (no boots) Stlth
                                 (no amulet)
HPRegen 0.27/turn                i - ring of poison resistance
MPRegen 0.10/turn                (no ring)

@: slow
A: amphibious, slowness 1, strong legs 1, +LOS
a: Hop


You were on level 4 of the Dungeon.
You visited 1 branch of the dungeon, and saw 4 of its levels.

You collected 94 gold pieces.


Innate Abilities, Weirdness & Mutations

You are amphibious.
You cover ground slowly.
You can hop short distances.
You have an extended range of vision and can be seen from far away.


   Skills:
 - Level 3.6 Fighting
 + Level 7.6 Axes
 - Level 3.6 Armour
 - Level 4.0 Shields


You had 5 spell levels left.
You didn't know any spells.
Your spell library contained the following spells:

 Spells                   Type           Power      Damage    Failure   Level
 Foxfire                  Conj/Fire      0%         2x1d4     100%        1
 Sandblast                Erth           0%         2d4       100%        1
 Ensorcelled Hibernation  Hex/Ice        0%         N/A       100%        2
 Passwall                 Tmut/Erth      0%         N/A       100%        2
 Spider Form              Tmut/Pois      0%         N/A       100%        3
 Stone Arrow              Conj/Erth      0%         3d7       100%        3
 Anguish                  Hex/Necr       0%         N/A       100%        4
 Fireball                 Conj/Fire      0%         3d3       100%        5
 Plasma Beam              Fire/Air       0%         2x1d11    100%        6
 Starburst                Conj/Fire      0%         6d3       100%        6

Inventory:

Hand Weapons
 a - a +1 war axe (weapon)
Missiles
 k - 2 datura-tipped darts
Armour
 b - a +0 scale mail
 c - a +0 buckler (worn)
 f - a +0 plate armour (worn)
   (You found it on level 1 of the Dungeon)
Jewellery
 i - a ring of poison resistance (left hand)
   (You found it on level 1 of the Dungeon)
Scrolls
 m - a scroll of amnesia
Potions
 d - 2 potions of might
 e - a potion of resistance {unknown}
 g - a potion of flight
 l - a potion of attraction

Dungeon Overview and Level Annotations

Branches:
Dungeon (4/15) Zot: 20744
 Temple: D:4-7

Altars:
Xom

#.####.## #
#.##....# #
#.##....# #
#.##....# #
#.##..$.########
#..♣............
##P).P..##...####
##..PP)........##.
#@..P♣...P.....#..
#.g♣..♣♣PP........~
#P.♣P♣♣♣♣PP.....#..
#P.P..♣P♣P......##.
#....P♣....##.#.###
#....♣♣.PP....#.#.#
#.....PPP....<#.#.#
#.....P......#♣)♣.♣
##.###.............


You could see a gnoll.


Message History

MASSIVE DAMAGE!! (PAUSE)
You hit the ogre. 😨 HP[+1]
You slash the ogre! The ogre barely misses you.
Unknown command.
You barely miss the ogre. The ogre barely misses you.
You hit the ogre.
You block the ogre's attack. 😨 HP[+1] Unknown command.
You hit the ogre.
The ogre hits you with a +0 giant spiked club!
* * * LOW HITPOINT WARNING * * *
😱 HP[-10]
You take 10 damage, and now have 5/47 hp.
MASSIVE DAMAGE!! (PAUSE)
You slash the ogre!
You kill the ogre!
You see here a +0 giant spiked club. 😱 HP[+1] Unknown command.
Key pressed, stopping explore.
Key pressed, stopping explore.
Unknown command. 😮 HP[+20]
You regained 20 hp, and now have 26/47 hp.
Key pressed, stopping explore.
You enter the shallow water.
You enter the shallow water.
You see here 3 stones.
Key pressed, stopping explore. 😎 HP[+21]
Your hp is fully restored (47).
Key pressed, stopping explore.
A gnoll comes into view. It is wielding a +0 club.
Your movement speed is slow.
Your attack delay is about 1.1.
Your damage rating with your +1 war axe is about 17 (Base 11 x 125% (Str) x 121% (Skill) + 1 (Ench)).
A gnoll comes into view. It is wielding a +0 spear.
You hit the plant.
The plant begins to die.
You hit the bush. The gnoll hits you but does no damage.
You slash the gnoll!
You kill the gnoll!
You hit the plant.
The plant begins to die.
You hit the plant. You hit the bush but do no damage.
Unknown command.
A nearby plant withers and dies.
You block the gnoll's attack.
Things that are here:
a +0 club; a gnoll corpse The gnoll hits you with a +0 spear!
The gnoll barely misses you. 😕 HP[-7]
You take 7 damage, and now have 40/47 hp.
Unknown command.
You hit the gnoll. You hit the bush but do no damage. You hit the bush.
You hit the bush but do no damage.
A nearby plant withers and dies.
You block the gnoll's attack.
You hit the gnoll. You hit the bush. You hit the bush but do no damage.
You hit the bush. You block the gnoll's attack.
You slash the gnoll!
You kill the gnoll!
You hit the bush. You hit the bush but do no damage. x2
Unknown command.
A gnoll comes into view. It is wielding a +2 halberd of flaming.
The gnoll shouts!
Things that are here:
a +0 spear; a gnoll corpse The gnoll hits you from afar with a +2 halberd of flaming!
The gnoll burns you. You block the gnoll's attack. 😮 HP[-9]
You take 9 damage, and now have 31/47 hp.
The gnoll hits you from afar with a +2 halberd of flaming!
* * * LOW HITPOINT WARNING * * *
The gnoll burns you.
* * * LOW HITPOINT WARNING * * *
Unknown command. 😨 HP[-12]
You take 12 damage, and now have 19/47 hp.
MASSIVE DAMAGE!! (PAUSE)
You are too injured to fight recklessly!
The gnoll hits you but does no damage. 😨 HP[+1]
You hit the gnoll but do no damage. You block the gnoll's attack.
Unknown command.
You hit the gnoll.
The gnoll hits you with a +2 halberd of flaming.
* * * LOW HITPOINT WARNING * * *
The gnoll burns you.
* * * LOW HITPOINT WARNING * * *
😨 HP[-4]
You take 4 damage, and now have 16/47 hp.
You slash the gnoll!
The gnoll hits you with a +2 halberd of flaming!
* * * LOW HITPOINT WARNING * * *
The gnoll burns you.
* * * LOW HITPOINT WARNING * * *
You block the gnoll's attack. 😱 HP[-13]
You take 13 damage, and now have 3/47 hp.
MASSIVE DAMAGE!! (PAUSE)
You barely miss the gnoll.
The gnoll hits you with a +2 halberd of flaming.
You die...

Skill      XL: |  1  2  3  4  5  6 |
---------------+-------------------+-----
Shields        | 4 |  4.0
Axes           | 3 4 6 7 |  7.6
Fighting       | |  3.6
Armour         | |  3.6

Action                     |  1- 3 |  4- 6 || total
---------------------------+-------+-------++-------
  Melee: War axe           |    60 |   121 ||   181
Ability: Hop               |       |     1 ||     1
    Use: Potion            |     2 |     4 ||     6
         Scroll            |       |     9 ||     9
 Armour: Scale mail        |    20 |       ||    20
         Plate armour      |    12 |    81 ||    93
  Dodge: Dodged            |    19 |    34 ||    53
  Block: Buckler           |    11 |    37 ||    48

Levels and vault maps discovered:
D:1:      kilobyte_arrival_exit_the_forest, layout_basic, minmay_fountain_box,
          minmay_strange_pillars, st_stairs_2, kennysheep_doodads,
          reono_crystal_passage
D:2:      layout_basic, uniq_sigmund, uniq_terence
D:3:      layout_basic, xom_confusion_cloud, st_stairs_7
D:4:      layout_basic, lightli_temple_of_fire, temple_statues, serial_forest,
          infiniplex_forest_clump_cross, infiniplex_forest_lined_3,
          infiniplex_forest_clump_diagonal, infiniplex_forest_straight_3,
          infiniplex_forest_straight_2, infiniplex_forest_lined_room_3,
          infiniplex_forest_straight_2, serial_shops, nicolae_diamond_shop,
          amcnicky_mini_pool_small

Notes
Turn   | Place    | Note
-------+----------+-------------------------------------------
     0 | D:1      | ytrimaz the Barachi Fighter began the quest for the Orb.
     0 | D:1      | Reached XP level 1. HP: 18/18 MP: 1/1
     0 | D:1      | magus.rc [v1.9.6]
   214 | D:1      | Reached XP level 2. HP: 22/24 MP: 2/2
   270 | D:1      | You pick up a book of Fire and begin reading...
   270 | D:1      | You add the spells Foxfire, Fireball, Plasma Beam and
                  | Starburst to your library.
   306 | D:1      | Reached skill level 4 in Shields
   432 | D:1      | Reached skill level 3 in Axes
   439 | D:1      | Reached XP level 3. HP: 29/29 MP: 3/3
   828 | D:2      | Noticed Terence
   839 | D:2      | Killed Terence
   840 | D:2      | Reached skill level 4 in Axes
   882 | D:2      | Reached XP level 4. HP: 36/36 MP: 4/4
   917 | D:2      | Noticed Sigmund
   932 | D:2      | Killed Sigmund
   933 | D:2      | Reached skill level 6 in Axes
   933 | D:2      | Reached XP level 5. HP: 28/41 MP: 5/5
  1077 | D:2      | Reached XP level 6. HP: 47/47 MP: 6/6
  1707 | D:3      | You pick up a book of Dreams and begin reading...
  1707 | D:3      | You add the spells Ensorcelled Hibernation, Spider Form and
                  | Anguish to your library.
  1988 | D:3      | Found a shimmering altar of Xom.
  2001 | D:3      | HP: 4/47 [gnoll/+0 halberd (11)]
  2002 | D:3      | HP: 1/47 [gnoll/+0 halberd (2)]
  2468 | D:4      | Reached skill level 7 in Axes
  2561 | D:4      | You pick up a book of Geomancy and begin reading...
  2561 | D:4      | You add the spells Sandblast, Passwall and Stone Arrow to
                  | your library.
  2578 | D:4      | HP: 5/47 [ogre/+0 giant spiked club (10)]
  2825 | D:4      | HP: 4/47 [gnoll/+2 halberd of flaming (13)]
  2826 | D:4      | Slain by a gnoll

Vanquished Creatures
  Sigmund (D:2)
  An ogre (D:4)
  Terence (D:2)
  An iguana (D:3)
  4 adders
  3 gnolls
  2 worms (D:3)
  A dart slug (D:1)
  An orc (D:2)
  8 ball pythons
  9 endoplasms
  4 giant cockroaches
  8 goblins
  5 hobgoblins
  2 jackals (D:2)
  A quokka (D:1)
  4 bats
  7 frilled lizards
  7 kobolds
  3 rats
73 creatures vanquished.

Vanquished Creatures (others)
  2 plants (D:4)
2 creatures vanquished.

Grand Total: 75 creatures vanquished

Table legend:
 A = Non-vault XP
 B = Vault XP
 C = Vault XP percentage of total XP
 D = Non-vault monster count
 E = Vault monster count
 F = Vault count percentage of total count
                 A         B        C        D         E       F
            +---------+---------+-------+---------+---------+-------
      Total |     300 |     307 |  50.6 |      57 |      16 |  21.9
            +---------+---------+-------+---------+---------+-------
        D:1 |      38 |       2 |   5.0 |      20 |       2 |   9.1
        D:2 |      46 |     252 |  84.6 |      21 |       2 |   8.7
        D:3 |      69 |      53 |  43.4 |      10 |      12 |  54.5
        D:4 |     147 |       0 |   0.0 |       6 |       0 |   0.0
            +---------+---------+-------+---------+---------+-------

Illustrated notes

Table legend:
 A = Kills in this place as a percentage of kills in the entire game.
 B = Kills by you in this place as a percentage of kills by you in the entire game.
 C = Kills by friends in this place as a percentage of kills by friends in the entire game.
 D = Other kills in this place as a percentage of other kills in the entire game.
 E = Experience gained in this place as a percentage of experience gained in the entire game.
 F = Experience gained in this place divided by the number of levels of this place that you have seen.
                   A       B       C       D       E      F
               +-------+-------+-------+-------+-------+----------------------
         Total | 100.0 | 100.0 |   N/A |   N/A | 100.0 | 151.8
       Dungeon | 100.0 | 100.0 |   N/A |   N/A | 100.0 | 151.8
               +-------+-------+-------+-------+-------+----------------------

Table legend: (Time is in decaauts)
 A = Elapsed time spent in this place.
 B = Non-inter-level travel time spent in this place.
 C = Inter-level travel time spent in this place.
 D = Time resting spent in this place.
 E = Time spent auto-exploring this place.
 F = Levels seen in this place.
 G = Mean time per level.
                   A        B        C        D        E       F      G
               +--------+--------+--------+--------+--------+-----+--------+
         Total |   3253 |   3165 |     88 |    328 |   2263 |   4 |  813.2 |
       Dungeon |   3253 |   3165 |     88 |    328 |   2263 |   4 |  813.2 |
               +--------+--------+--------+--------+--------+-----+--------+

Top non-repeatable levels by time:
     D:2: 998 daAuts
     D:1: 956 daAuts
     D:3: 885 daAuts
     D:4: 413 daAuts
